 Dungeon Crawl Stone Soup version 0.22-a0-447-gee5f7238b3 (webtiles) character file.

774 Ordine the Firebug (level 7, 0/36 HPs)
             Began as a Deep Elf Fire Elementalist on June 3, 2018.
             Slain by Pikel
             ... wielding a +2 whip of flaming
              (1 damage)
             ... on level 4 of the Dungeon.
             The game lasted 00:20:23 (6064 turns).

Ordine the Firebug (Deep Elf Fire Elementalist)     Turns: 6064, Time: 00:20:23

Health: 0/36       AC:  2    Str:  5    XL:     7   Next: 53%
Magic:  18/18      EV: 13    Int: 22    God:
Gold:   167        SH:  0    Dex: 15    Spells: 4/18 levels left

rFire    . . .     SeeInvis .   a - +2 dagger (venom)
rCold    . . .     Gourm    .   (no shield)
rNeg     . . .     Faith    .   j - +0 robe
rPois    .         Spirit   .   (no helmet)
rElec    .         Reflect  .   (no cloak)
rCorr    .         Harm     .   (no gloves)
MR       .....                  (no boots)
Stlth    +++.......             (no amulet)
HPRegen  0.12/turn              h - ring of stealth
MPRegen  0.16/turn              (no ring)

@: no status effects
A: no striking features
a: no special abilities


You were on level 4 of the Dungeon.
You were hungry.

You visited 1 branch of the dungeon, and saw 5 of its levels.
You also visited: Ossuary.

You collected 167 gold pieces.

Inventory:

Hand Weapons
 a - a +2 dagger of venom (weapon)
 b - a +4 dagger
Armour
 j - a +0 robe (worn)
 m - a +0 buckler
Jewellery
 h - a ring of stealth (left hand)
Wands
 f - a wand of polymorph (8)
 p - a wand of flame (22)
Scrolls
 k - 3 scrolls of teleportation
 r - a scroll of identify
 u - 2 scrolls of remove curse
 v - a scroll of enchant weapon
Potions
 d - a potion of agility {unknown}
 e - 2 potions of lignification
 g - a potion of curing
 i - 4 potions of brilliance
 l - 2 potions of ambrosia
 n - 4 potions of degeneration {unknown}
 o - 2 potions of berserk rage {unknown}
 q - 2 potions of magic {unknown}
 t - a potion of heal wounds {unknown}
 w - 2 potions of mutation {unknown}
 x - 2 potions of might
Comestibles
 c - 6 rations


   Skills:
 - Level 3.0 Dodging
 - Level 3.0 Stealth
 + Level 6.2 Spellcasting
 * Level 5.3 Conjurations
 * Level 6.3 Fire Magic


You had 4 spell levels left.
You knew the following spells:

 Your Spells              Type           Power        Failure   Level  Hunger
a - Throw Flame           Conj/Fire      ####..       1%          2    None
b - Conjure Flame         Conj/Fire      ####....     2%          3    #......
c - Sticky Flame          Conj/Fire      ####....     8%          4    ###....
d - Fireball              Conj/Fire      ####......   22%         5    #####..

Your spell library contained the following spells:

 Spells                   Type           Power        Failure   Level  Hunger
 Flame Tongue             Conj/Fire      ####.        1%          1    None
 Inner Flame              Hex/Fire       ###.....     8%          3    #......


Dungeon Overview and Level Annotations

Branches:
Dungeon (5/15)
 Temple: D:4-7

Altars:

Annotations:
D:4 Pikel
D:5 Ijyb


Message History

Pikel hits you with a whip of flaming. Pikel burns you.
* * * LOW HITPOINT WARNING * * *
You climb upwards.
There is a stone staircase leading down here.
Pikel waves his whip at you.
You feel better. Pikel hits you but does no damage.
You closely miss Pikel. Pikel closely misses you.
You hit Pikel but do no damage. Pikel closely misses you.
You closely miss Pikel. Pikel barely misses you.
You hit Pikel but do no damage.
Pikel is poisoned.
Pikel hits you with a whip of flaming!
* * * LOW HITPOINT WARNING * * *
Pikel burns you.
* * * LOW HITPOINT WARNING * * *
Pikel says, "Slavery isn't that bad."
Pikel cracks his whip.
Pikel hits you with a whip of flaming!
* * * LOW HITPOINT WARNING * * *
Pikel burns you.
You die...

# #.#.......# ########
####.#.......# #.......
.....<.......## #.#####.
####.#........## #.# #.
#.####..#.#.####### #[#
##. #.#
#>...........#####.####..
####.#
##.....#.###.............
.....# #.....K.#
#.#####.####.. ######
##.#.##@###.# #.# ##.
##.###.....#####.# #. ###
#.#.####.##.# ##
#.#.###.#.#.# #
#.#.##.###..## # #.#.#.##
##..##### ##.#..##
##...... #....#.##
##..#####
###.......###..##


You could see Pikel.

Vanquished Creatures
  Sigmund (D:2)
  2 slaves (D:4)
  An ogre (D:3)
  4 water moccasin zombies (Ossuary)
  Jessica (D:2)
  Natasha (thrice) (D:2)
  A killer bee zombie (D:5)
  3 big kobold zombies (Ossuary)
  2 mummies (Ossuary)
  An adder (D:3)
  An ooze (D:2)
  2 adder zombies (Ossuary)
  3 worms (D:3)
  4 dart slugs
  3 leopard geckos (D:1)
  7 giant cockroaches
  8 goblins
  8 hobgoblins
  2 jackals (D:3)
  7 kobolds
  2 quokkas (D:3)
  7 bats
  3 frilled lizards
  2 gnoll zombies (Ossuary)
  8 hobgoblin zombies (Ossuary)
  5 kobold zombies (Ossuary)
  2 orc zombies (Ossuary)
  7 rats
100 creatures vanquished.

Notes
Turn   | Place    | Note
-------+----------+-------------------------------------------
     0 | D:1      | Ordine the Deep Elf Fire Elementalist began the quest for the Orb.
     0 | D:1      | Reached XP level 1. HP: 10/10 MP: 6/6
   379 | D:1      | Reached XP level 2. HP: 5/15 MP: 1/8
   580 | D:1      | Learned a level 2 spell: Throw Flame
   914 | D:1      | Reached XP level 3. HP: 19/19 MP: 0/9
  1533 | D:2      | Noticed Sigmund
  1539 | D:2      | Learned a level 3 spell: Conjure Flame
  1801 | D:2      | Noticed Jessica
  1807 | D:2      | Killed Jessica
  1807 | D:2      | Reached XP level 4. HP: 24/24 MP: 3/11
  2159 | D:2      | Noticed Natasha
  2164 | D:2      | Killed Natasha
  2527 | D:2      | Noticed Natasha
  2533 | D:2      | Killed Natasha
  2729 | D:2      | Killed Sigmund
  2729 | D:2      | Reached skill level 5 in Spellcasting
  2729 | D:2      | Reached XP level 5. HP: 18/28 MP: 12/14
  2729 | D:2      | Reached XP level 6. HP: 21/32 MP: 12/15
  2798 | D:2      | Noticed Natasha
  2800 | D:2      | Killed Natasha
  2800 | D:2      | Reached skill level 5 in Fire Magic
  2913 | D:2      | Learned a level 4 spell: Sticky Flame
  2919 | D:2      | Learned a level 5 spell: Fireball
  3815 | D:4      | Found a sand-covered staircase.
  3820 | Ossuary  | Entered an ossuary
  4041 | Ossuary  | Reached XP level 7. HP: 28/36 MP: 0/17
  4124 | Ossuary  | Reached skill level 5 in Conjurations
  5340 | D:5      | Entered Level 5 of the Dungeon
  5389 | D:5      | Noticed Pikel
  6023 | D:5      | Noticed Ijyb
  6064 | D:4      | HP: 1/36 [Pikel/whip of flaming (8)]
  6064 | D:4      | Slain by Pikel

Vault maps used:
D:1:      minmay_arrival_four_loops, minmay_hexomino_c4
D:2:      uniq_natasha, uniq_sigmund, uniq_jessica
D:4:      enter_ossuary_2
D:5:      first_ration, serial_curves, eino_curves_01, eino_curves_01,
          hex_medium, uniq_ijyb, uniq_pikel, uniq_grinder
Ossuary:  ossuary_tomb_2

Skill      XL: |  1  2  3  4  5  6  7 |
---------------+----------------------+-----
Stealth        | 3 |  3.0
Dodging        | 3 |  3.0
Conjurations   | 2 3 4 5 |  5.3
Spellcasting   | 5 6 |  6.2
Fire Magic     | 4 5 6 |  6.3

Action                   |  1- 3 |  4- 6 |  7- 9 || total
-------------------------+-------+-------+-------++-------
Melee: Mace              |    11 |       |       ||    11
       Dagger            |       |     7 |    33 ||    40
 Cast: Flame Tongue      |    61 |    10 |       ||    71
       Conjure Flame     |     2 |     4 |     7 ||    13
       Throw Flame       |       |    73 |    38 ||   111
  Use: Scroll            |     5 |     5 |     3 ||    13
       Potion            |       |     2 |     2 ||     4
 Stab: Sleeping          |     1 |       |     1 ||     2
  Eat: Chunk             |     2 |     7 |     3 ||    12
       Ration            |       |       |     1 ||     1
Armor: Robe              |     9 |       |     2 ||    11
       Skin              |       |     1 |       ||     1
       Leather armour    |       |     3 |     2 ||     5
Dodge: Dodged            |    30 |    11 |    17 ||    58

Table legend:
 A = Spawn XP
 B = Non-spawn XP
 C = Spawn XP percentage of total XP
 D = Spawn monster count
 E = Non-spawn monster count
 F = Spawn count percentage of total count
 G = Total turns spent on level
                    A         B        C        D         E        F      G
               +---------+---------+-------+---------+---------+-------+---------
         Total |       0 |    1106 |   0.0 |       0 |      98 |   0.0 |  6064
               +---------+---------+-------+---------+---------+-------+---------
           D:1 |       0 |      53 |   0.0 |       0 |      26 |   0.0 |  1554
           D:2 |       0 |     398 |   0.0 |       0 |      18 |   0.0 |  1366
           D:3 |       0 |     171 |   0.0 |       0 |      23 |   0.0 |   786
           D:4 |       0 |       3 |   0.0 |       0 |       2 |   0.0 |  1301
           D:5 |       0 |      28 |   0.0 |       0 |       1 |   0.0 |    97
       Ossuary |       0 |     453 |   0.0 |       0 |      28 |   0.0 |   960
               +---------+---------+-------+---------+---------+-------+---------
